 Dungeon Crawl Stone Soup version 0.20-a0-1111-g4e342e6 (webtiles) character file.

9888 M4edhros the Orthodox (level 11, 0/72 HPs)
             Began as an Octopode Artificer on May 6, 2017.
             Was an Elder of Zin.
             Slain by a hippogriff (2 damage)
             ... on level 10 of the Dungeon.
             The game lasted 00:23:37 (12053 turns).

M4edhros the Orthodox (Octopode Artificer)         Turns: 12053, Time: 00:23:38

Health: 0/72       AC:  1    Str: 18 (19) XL:     11   Next: 53%
Magic:  19/21      EV: 17    Int: 14 (17) God:    Zin [****..]
Gold:   567        SH:  0    Dex: 16 (18) Spells: 10/10 levels left

rFire    . . .     SeeInvis +   M - +5 scythe "Finisher" {speed, Str+3}
rCold    . . .     Gourm    .   (shield currently unavailable)
rNeg     . . .     Faith    .   (helmet restricted)
rPois    ∞         Spirit   .   (no amulet)
rElec    .         Reflect  .   s - ring of resist corrosion
rCorr    +         Harm     .   J - ring of see invisible
MR       .....                  (no ring)
Stlth    +++++.....             (no ring)
Regen    0.3/turn               (no ring)
MPRegen  0.2/turn               (no ring)
                                (no ring)
                                (no ring)

@: vitalised, slowed, very slow
A: almost no armour, stealthy swim, amphibious, 8 rings, constrict 8, camouflage
1, clumsy 1, gelatinous body 1
a: Recite, Vitalisation, Imprison, Donate Gold, Renounce Religion


You were on level 10 of the Dungeon.
You worshipped Zin.
Zin was greatly pleased with you.
You were near starving.

You visited 1 branch of the dungeon, and saw 10 of its levels.
You also visited: Sewer.

You collected 630 gold pieces.
You donated 63 gold pieces to Zin.

Inventory:

Hand Weapons
 a - a +0 short sword
 g - a +0 spear of piercing
 h - a +2 dagger of speed
 z - a +0 flail of protection
 M - the +5 scythe "Finisher" (weapon) {speed, Str+3}
   (You found it on level 8 of the Dungeon)

   Attacks with this weapon are significantly faster.
   It affects your strength (+3).
Jewellery
 s - a ring of resist corrosion (left tentacle)
 J - a ring of see invisible (right tentacle)
Wands
 b - a wand of flame (0/48)
 c - a wand of enslavement (0/24)
 d - a wand of random effects (15/48)
 E - a wand of iceblast (2/15)
 L - a wand of confusion (6/48)
 O - a wand of scattershot (0/9)
Scrolls
 e - 6 scrolls of identify
 i - 2 scrolls of blinking {unknown}
 k - 3 scrolls of random uselessness {unknown}
 p - 5 scrolls of remove curse
 q - 3 scrolls of recharging {unknown}
 t - 2 scrolls of immolation {unknown}
 u - 4 scrolls of teleportation {unknown}
 x - 3 scrolls of fog {unknown}
 y - 5 scrolls of magic mapping {unknown}
 B - a scroll of amnesia {unknown}
 K - a scroll of enchant weapon {unknown}
Potions
 n - 2 potions of brilliance
 o - 3 potions of might
 v - a potion of curing
 A - 2 potions of lignification {unknown}
 C - a potion of haste {unknown}
 F - a potion of cancellation {unknown}
 I - a potion of berserk rage
Books
 D - a book of Conjurations

   Spells                             Type                      Level
   a - Magic Dart                     Conjuration                  1
   b - Searing Ray                    Conjuration                  2
   c - Dazzling Spray                 Conjuration/Hexes            3
   d - Fulminant Prism                Conjuration/Hexes            4
   e - Force Lance                    Conjuration/Translocation    4
   f - Iskenderun's Mystic Blast      Conjuration                  4
 G - a book of Necromancy

   Spells                             Type                      Level
   a - Pain                           Necromancy                   1
   b - Animate Skeleton               Necromancy                   1
   c - Vampiric Draining              Necromancy                   3
   d - Regeneration                   Charms/Necromancy            3
   e - Animate Dead                   Necromancy                   4
   f - Control Undead                 Necromancy                   4
   Zin disapproves of the use of such an item.
Comestibles
 f - 2 bread rations
 j - 5 meat rations
 H - 2 fruits


   Skills:
 - Level 5.5 Fighting
 - Level 5.6 Short Blades
 * Level 5.6 Polearms
 - Level 6.3 Dodging
 - Level 6.9 Stealth
 + Level 14.1 Invocations
 - Level 5.4 Evocations


You had 10 spell levels left.
You didn't know any spells.

Dungeon Overview and Level Annotations

Branches:
Dungeon (10/15)            Temple (0/1) D:5
   Lair: D:8-11         Orc: D:9-12

Altars:
Ashenzari
Elyvilon
Fedhas
Kikubaaqudgha
Makhleb
Nemelex Xobeh
Okawaru
Ru
Vehumet
Xom
Zin

Shops:
D:4 =

Annotations:
D:10 Fannar, Grum


Innate Abilities, Weirdness & Mutations

You cannot wear most types of armour.
You are very stealthy in the water. (Stealth+)
You are amphibious.
You can wear up to eight rings at the same time.
You can use your tentacles to constrict eight enemies at once.
Your skin changes colour to match your surroundings (Stealth+).
Your rubbery body absorbs attacks. (AC +1, EV +1)
You are clumsy. (Dex -2)


Message History

You destroy the wraith!
You slash the hippogriff! Your squeeze misses the hippogriff.
The hippogriff is moderately wounded.
The hippogriff bites you. The hippogriff misses you. The hippogriff claws you!
The hippogriff closely misses you. The hippogriff barely misses you.
The hippogriff claws you!
You clear your throat and prepare to recite. "And Zin, furious at their sacrilege, held..."
The hippogriff misses you. The hippogriff pecks you. The hippogriff claws you.
Zin grants you divine stamina. "...were smitten, and thus the way of things was maintained."
You finish reciting Anathema 24:73.
The hippogriff bites you.
* * * LOW HITPOINT WARNING * * *
The hippogriff pecks you.
* * * LOW HITPOINT WARNING * * *
The hippogriff barely misses you. The hippogriff bites you!
* * * LOW HITPOINT WARNING * * *
The hippogriff pecks you.
You die... # ######S#.# #<..@HO..# ######.### #

You could see a hippogriff, an ogre and an adder.

Vanquished Creatures
  A two-headed ogre (D:9)
  A death yak (D:10)
  The ghost of Shenda the Arsonist, a novice DsFE of Kikubaaqudgha (D:8)
  3 hippogriffs
  3 orc warriors (D:6)
  A wyvern (D:7)
  6 wraiths
  A hungry ghost (D:7)
  The ghost of Shenda the Firebug, an amateur DsFE (D:3)
  2 water moccasins
  3 ice beasts
  3 sky beasts
  5 ogres
  2 phantoms
  A wolf (D:10)
  2 centaurs (D:9)
  6 bullfrogs
  A scorpion (D:6)
  10 killer bees
  An electric eel (D:9)
  3 crimson imps
  3 howler monkeys (D:8)
  2 jellies (D:9)
  8 hounds
  7 orc priests
  A bullfrog skeleton (D:9)
  Jessica (D:3)
  3 iguanas
  11 orc wizards
  15 worker ants
  A hound skeleton (D:5)
  A howler monkey zombie (D:8)
  4 gnolls
  15 adders
  5 river rats
  3 shadow imps
  3 oozes
  An adder zombie (D:9)
  An adder skeleton (D:6)
  2 worms
  6 dart slugs
  3 leopard geckos
  26 orcs
  11 bats
  6 giant cockroaches
  7 goblins
  10 hobgoblins
  6 jackals
  7 quokkas
  10 ball pythons
  11 frilled lizards
  A jackal skeleton (D:5)
  6 kobolds
  A leopard gecko skeleton (D:6)
  A leopard gecko zombie (D:6)
  A quokka skeleton (D:5)
  33 rats
290 creatures vanquished.

Vanquished Creatures (collateral kills)
  A hippogriff (D:6)
  A hound (D:6)
  A jelly (D:6)
  An orc priest (D:6)
  A worker ant (D:6)
  2 gnolls (D:3)
  2 river rats (Sewer)
  4 orcs
  A ball python (Sewer)
  A frilled lizard (Sewer)
15 creatures vanquished.

Vanquished Creatures (others)
  A gnoll (D:3)
  2 river rats (Sewer)
3 creatures vanquished.

Grand Total: 308 creatures vanquished

Notes
Turn   | Place    | Note
-------+----------+-------------------------------------------
     0 | D:1      | M4edhros the Octopode Artificer began the quest for the Orb.
     0 | D:1      | Reached XP level 1. HP: 13/13 MP: 3/3
   126 | D:1      | Reached XP level 2. HP: 15/18 MP: 4/4
   190 | D:2      | Found a glowing silver altar of Zin.
   223 | D:2      | Became a worshipper of Zin the Law-Giver
   366 | D:1      | Reached XP level 3. HP: 20/23 MP: 5/5
   876 | D:2      | Reached XP level 4. HP: 18/28 MP: 6/6
   913 | D:2      | Reached skill level 1 in Invocations
  1228 | D:2      | Found a white marble altar of Elyvilon.
  1233 | D:2      | Found an ancient bone altar of Kikubaaqudgha.
  1493 | D:3      | Noticed Shenda's ghost (amateur DsFE)
  1552 | D:3      | Killed Shenda's ghost
  1552 | D:3      | Reached XP level 5. HP: 34/34 MP: 7/7
  1572 | D:3      | Noticed Jessica
  1578 | D:3      | Killed Jessica
  1578 | D:3      | Reached skill level 5 in Stealth
  1578 | D:3      | Reached XP level 6. HP: 27/40 MP: 7/9
  1701 | D:3      | Reached skill level 2 in Invocations
  1724 | D:3      | Found a sparkling altar of Nemelex Xobeh.
  1724 | D:3      | Found an iron altar of Okawaru.
  1743 | D:3      | Reached * piety under Zin
  1899 | D:3      | Found a glowing drain.
  1908 | Sewer    | Entered a sewer
  2764 | Sewer    | Reached XP level 7. HP: 45/45 MP: 10/10
  3324 | D:4      | Reached skill level 3 in Invocations
  3514 | D:4      | Found Pagi's Jewellery Boutique.
  3803 | D:4      | Found a burning altar of Makhleb.
  4151 | D:5      | Entered Level 5 of the Dungeon
  4181 | D:5      | Reached XP level 8. HP: 22/52 MP: 11/11
  4557 | D:5      | Reached ** piety under Zin
  4734 | D:5      | Reached skill level 4 in Invocations
  4774 | D:5      | Noticed a hippogriff
  4788 | D:5      | Killed a hippogriff
  4809 | D:5      | Found a staircase to the Ecumenical Temple.
  5212 | D:6      | Reached skill level 5 in Dodging
  5249 | D:6      | Zin protects you from harm!
  5610 | D:6      | Reached skill level 13 in Invocations
  5610 | D:6      | Reached XP level 9. HP: 53/59 MP: 11/18
  5709 | D:6      | Found a sacrificial altar of Ru.
  5723 | D:6      | Reached skill level 5 in Evocations
  5732 | D:6      | Reached XP level 10. HP: 61/65 MP: 19/19
  5828 | D:6      | Noticed a two-headed ogre
  5847 | D:6      | Gained mutation: You are clumsy. (Dex -2) [potion of mutation]
  6235 | D:6      | Reached *** piety under Zin
  6290 | D:6      | Reached **** piety under Zin
  6416 | D:6      | Found a shimmering altar of Xom.
  6610 | D:6      | Found a sacrificial altar of Ru.
  6840 | D:6      | Reached skill level 5 in Fighting
  7585 | D:7      | Reached skill level 5 in Short Blades
  7614 | D:7      | Found a blossoming altar of Fedhas.
  8134 | D:8      | Noticed Shenda's ghost (novice DsFE)
  8148 | D:8      | Killed Shenda's ghost
  8420 | D:8      | Found a radiant altar of Vehumet.
  9196 | D:8      | Reached skill level 1 in Polearms
  9196 | D:8      | Reached XP level 11. HP: 57/72 MP: 21/21
  9494 | D:9      | Found a shattered altar of Ashenzari.
  9509 | D:9      | Reached ***** piety under Zin
  9847 | D:9      | Noticed a two-headed ogre
  9862 | D:9      | Killed a two-headed ogre
 10105 | D:9      | HP: 3/72 [hippogriff (2)]
 11241 | D:10     | Entered Level 10 of the Dungeon
 11255 | D:10     | Noticed Grum
 11268 | D:10     | Reached skill level 14 in Invocations
 11629 | D:10     | Noticed Fannar
 11635 | D:10     | Noticed a death yak
 11635 | D:10     | Noticed a death yak
 11637 | D:10     | Noticed a death yak
 11648 | D:10     | Killed a death yak
 11648 | D:10     | Reached skill level 5 in Polearms
 11671 | D:10     | HP: 2/72 [death yak (13)]
 11678 | D:10     | Zin protects you from harm!
 12053 | D:10     | HP: 2/72 [hippogriff (11)]
 12053 | D:10     | Slain by a hippogriff

Vault maps used:
D:1:      nagdon_arrival_zigzag_paths, minmay_misc_feat_iff
D:2:      lemuel_crystal_altar, minitemple, grunt_ministairs_1,
          due_unseen_surprise
D:3:      amethyst_overflow_temple_binary, portal_sewer_entry_e, first_bread,
          uniq_jessica
D:4:      lemuel_doored_altar, serial_shops, shop_statue
D:5:      minmay_temple_entry_statues_fountains
D:6:      hangedman_cross_stitches, lemuel_coloured_pillars_altar,
          kennysheep_mini_moat, nicolae_ru_sacrificial_ziggurat
D:7:      lemuel_crystal_altar
D:8:      kennysheep_little_box, minmay_guarded_unrand_finisher
D:9:      nicolae_ashenzari_panopticon, kennysheep_potato
D:10:     dpeg_lair_monsters, uniq_fannar, uniq_josephine, uniq_snorg, uniq_grum
Sewer:    sewer_minmay_w

Skill      XL: |  1  2  3  4  5  6  7  8  9 10 11 |
---------------+----------------------------------+-----
Stealth        | 2 3 4 5 6 |  6.9
Invocations    | 1 2 3 13 14 | 14.1
Fighting       | 2 3 4 5 |  5.5
Evocations     | 4 5 |  5.4
Short Blades   | 2 3 4 5 |  5.6
Dodging        | 3 4 5 6 |  6.3
Polearms       | 1 5 |  5.6

Action                   |  1- 3 |  4- 6 |  7- 9 | 10-12 || total
-------------------------+-------+-------+-------+-------++-------
Melee: Short sword       |    34 |       |       |       ||    34
       Constrict         |    16 |    44 |    35 |    45 ||   140
       Tentacles         |    10 |    39 |    49 |    74 ||   172
       Dagger            |    22 |   158 |   198 |   221 ||   599
       Scythe            |       |       |       |   155 ||   155
Invok: Vitalisation      |       |       |     1 |     8 ||     9
       Recite            |       |       |     2 |     7 ||     9
       Sanctuary         |       |       |       |     1 ||     1
Evoke: Wand              |       |    15 |    11 |    21 ||    47
  Use: Potion            |       |     1 |     6 |    10 ||    17
       Scroll            |       |       |       |     5 ||     5
 Stab: Sleeping          |     7 |    10 |    16 |    23 ||    56
       Distracted        |       |     1 |       |     3 ||     4
       Invisible         |       |       |     3 |       ||     3
       Paralysed         |       |       |       |     1 ||     1
       Confused          |       |       |       |     3 ||     3
  Eat: Chunk             |       |     6 |     4 |    15 ||    25
       Royal jelly       |       |       |     2 |       ||     2
       Bread ration      |       |       |       |     1 ||     1
Armor: Skin              |     7 |    10 |     7 |     8 ||    32
Dodge: Dodged            |    19 |    95 |   104 |   236 ||   454
